AoeStats
← AvaCz

Oasis

510134023Analyzed
2v2 RM · 3d ago on Sep 29, 2026· 50m 46s· 4 players
Game mode
Random Map
Map size
Medium (4 player)
Population
200
Speed
Normal
Resources
Standard
Victory
Conquest
Starting age
Dark Age
Ending age
Imperial Age
RankedLock teamsTeams togetherTeam positionsShared explorationLock speedFull tech treeHidden civsTurbo modeCheats
Victory
Defeat
🇸🇪 Britons · Sweden
721
+10
🇮🇪 Danes · Ireland
715
+10
🇺🇸 Bohemians · United States
628
-11
🇬🇧 Wu · United Kingdom
549
-9
LakeGale
0:27 Loom
13:12 Feudal Age
14:48 Wheelbarrow
14:26 Double-Bit Axe
18:04 Horse Collar
22:21 Castle Age
28:14 Hand Cart
32:27 Imperial Age
31:10 Masonry
31:13 Fortified Wall
35:06 Conscription
37:58 Chemistry
38:55 Wagenburg Tactics
KnightsTemplar
11:52 Feudal Age
11:31 Loom
12:49 Double-Bit Axe
14:22 Stone Mining
18:19 Gold Mining
23:44 Castle Age
23:59 Arson
23:34 Man-at-Arms
24:58 Wheelbarrow
24:10 Town Watch
24:09 Horse Collar
28:42 Bow Saw
29:12 Crossbowman
30:32 Stone Shaft Mining
30:32 Gold Shaft Mining
30:29 Caravan
31:03 Hand Cart
31:22 Elite Skirmisher
34:44 Imperial Age
34:55 Imperial Age
33:34 Forging
33:24 Scale Mail Armor
33:29 Scale Barding Armor
33:15 Fletching
33:25 Padded Archer Armor
33:59 Squires
37:48 Padded Archer Armor
41:43 Sitting Tiger
42:42 Red Cliffs Tactics
45:00 Elite Fire Archer
AvaCz
5:19 Loom
11:56 Feudal Age
13:11 Wheelbarrow
12:24 Double-Bit Axe
15:22 Horse Collar
24:46 Castle Age
22:44 Stone Mining
22:51 Gold Mining
24:30 Forging
24:20 Scale Mail Armor
24:25 Arson
25:50 Hand Cart
25:48 Bow Saw
25:42 Squires
26:24 Stone Shaft Mining
25:58 Heavy Plow
28:03 Iron Casting
27:44 Chain Mail Armor
28:10 Gold Shaft Mining
29:33 Fletching
33:27 Bodkin Arrow
34:16 Town Watch
34:33 Hamask
37:06 Ballistics
37:20 Town Patrol
41:05 Imperial Age
41:26 Elite Jomsviking
44:06 Blast Furnace
43:36 Plate Mail Armor
45:00 Chemistry
46:07 Conscription
45:10 Northmen's Fury
47:13 Siege Engineers
48:33 Town Patrol
GnagetUrdal
14:08 Feudal Age
16:31 Double-Bit Axe
17:32 Wheelbarrow
17:55 Horse Collar
22:09 Man-at-Arms
30:58 Castle Age
30:23 Town Watch
30:26 Loom
32:16 Hand Cart
31:54 Town Watch
31:55 Loom
32:07 Stone Mining
32:13 Gold Mining
31:48 Crossbowman
33:20 Gambesons
33:41 Padded Archer Armor
33:40 Fletching
34:20 Heavy Plow
38:38 Leather Archer Armor
38:19 Bodkin Arrow
40:47 Bow Saw
40:55 Forging
42:01 Gold Shaft Mining
44:47 Imperial Age
43:27 Yeomen
47:20 Two-Man Saw
48:31 Long Swordsman
48:57 Gambesons
48:37 Arbalester
49:42 Two-Handed Swordsman
Connection lost

Rejoining the realm…

Still unreachable

The connection could not be restored.

Session expired

The server has moved on; the page needs a fresh start.